AoeStats
← F1re

Lombardia

510003681Analyzed
2v2 RM · 3d ago on Sep 29, 2026· 94m 36s· 4 players
Game mode
Random Map
Map size
Medium (4 player)
Population
200
Speed
Normal
Resources
Standard
Victory
Conquest
Starting age
Dark Age
Ending age
Imperial Age
RankedLock teamsTeams togetherTeam positionsShared explorationLock speedFull tech treeHidden civsTurbo modeCheats
Victory
Defeat
🇮🇸 Turks · Iceland
912
+16
🇺🇸 Lithuanians · United States
851
+20
🇦🇷 Goths · Argentina
919
-18
🇦🇷 Wei · Argentina
918
-18
Leeeroy__Jenkins
5:21 Loom
11:37 Feudal Age
15:46 Double-Bit Axe
17:48 Arson
17:46 Man-at-Arms
26:04 Castle Age
24:19 Gold Mining
24:15 Horse Collar
27:05 Bow Saw
27:11 Heavy Plow
27:46 Bloodlines
29:47 Forging
29:43 Scale Barding Armor
33:41 Fervor
34:27 Stone Mining
41:40 Imperial Age
40:04 Iron Casting
41:11 Stone Shaft Mining
41:17 Wheelbarrow
40:29 Town Watch
41:33 Husbandry
42:39 Chain Barding Armor
41:50 Cavalier
45:23 Hand Cart
45:55 Plate Barding Armor
46:26 Conscription
46:59 Fortified Wall
48:05 Sanctity
47:44 Paladin
52:15 Murder Holes
61:33 Devotion
62:47 Light Cavalry
64:03 Winged Hussar
70:17 Caravan
86:02 Elite Leitis
92:29 Crop Rotation
91:35 Spies/Treason
F1re
1:16 Loom
9:24 Feudal Age
15:34 Fletching
20:15 Castle Age
20:21 Crossbowman
21:20 Bodkin Arrow
24:28 Padded Archer Armor
31:34 Thumb Ring
32:38 Wheelbarrow
34:27 Husbandry
34:59 Leather Archer Armor
35:01 Scale Barding Armor
37:29 Bloodlines
37:45 Chain Barding Armor
42:38 Imperial Age
43:51 Cavalier
44:09 Capped Ram
50:53 Coinage
52:09 Elite Janissary
79:34 Hand Cart
El Coronite
3:25 Loom
10:56 Feudal Age
11:55 Man-at-Arms
15:17 Castle Age
13:10 Man-at-Arms
13:54 Scale Mail Armor
16:23 Double-Bit Axe
17:39 Bow Saw
19:17 Padded Archer Armor
20:35 Horse Collar
22:30 Chain Mail Armor
22:26 Forging
22:46 Heavy Plow
25:40 Wheelbarrow
26:47 Iron Casting
27:09 Stone Mining
27:10 Gold Mining
26:44 Long Swordsman
30:26 Hand Cart
35:38 Imperial Age
33:06 Town Watch
33:13 Town Watch
34:49 Squires
36:30 Anarchy
38:38 Stone Shaft Mining
38:35 Crop Rotation
39:08 Two-Man Saw
38:22 Treadmill Crane
39:10 Town Patrol
40:35 Blast Furnace
42:57 Pikeman
44:08 Caravan
46:51 Elite Huskarl
47:57 Halberdier
49:32 Capped Ram
58:55 Scale Barding Armor
59:15 Conscription
69:30 Perfusion
80:09 Elite Skirmisher
negritocabjj
11:28 Feudal Age
9:43 Loom
12:19 Double-Bit Axe
12:16 Horse Collar
19:09 Castle Age
23:06 Wheelbarrow
22:44 Bow Saw
22:39 Heavy Plow
25:33 Fletching
25:58 Gold Mining
26:58 Elite Skirmisher
32:49 Scale Barding Armor
36:14 Imperial Age
37:18 Chain Barding Armor
38:17 Stone Mining
39:09 Gold Shaft Mining
40:26 Elite Tiger Cavalry
42:18 Hand Cart
47:31 Ming Guang Armor
47:20 Tuntian
48:17 Ming Guang Armor
48:24 Ming Guang Armor
48:46 Bodkin Arrow
49:02 Forging
Connection lost

Rejoining the realm…

Still unreachable

The connection could not be restored.

Session expired

The server has moved on; the page needs a fresh start.